 Dungeon Crawl Stone Soup version 0.28.0-49-g6dfe1f597d (webtiles) character file.

Game seed: 2025223100697069281

286 Zeld the Chiller (level 6, -4/50 HPs)
             Began as a Ghoul Ice Elementalist on May 17, 2022.
             Was an Initiate of Sif Muna.
             Slain by a black bear (5 damage)
             ... on level 5 of the Dungeon.
             The game lasted 00:05:55 (5642 turns).

Zeld the Chiller (Ghoul Ice Elementalist)           Turns: 5642, Time: 00:05:56

Health: -4/50      AC:  3    Str: 12    XL:     6   Next: 30%
Magic:  0/9        EV: 12    Int: 12    God:    Sif Muna [......]
Gold:   5          SH:  0    Dex:  9    Spells: 0/11 levels left

rFire   . . .      SeeInvis .   a - staff of cold
rCold   + + .      Faith    .   (no shield)
rNeg    + + +      Spirit   .   d - +0 robe
rPois   ∞          Reflect  .   (no helmet)
rElec   .          Harm     .   p - scarf {repulsion}
rCorr   .          Rampage  .   h - +0 pair of gloves
Will    .....                   (no boots)
Stlth   ++........              (no amulet)
HPRegen 0.00/turn               (no ring)
MPRegen 0.11/turn               (no ring)

@: freezing walls, very slightly contaminated, inhibited regen, repel missiles
A: claws 1, cold resistance 1, negative energy resistance 3, inhibited
regeneration, torment resistance 2
a: Renounce Religion


You were on level 5 of the Dungeon.
You worshipped Sif Muna.
Sif Muna was noncommittal.
You visited 2 branches of the dungeon, and saw 6 of its levels.

You collected 149 gold pieces.
You spent 144 gold pieces at shops.

Inventory:

Armour
 d - a +0 robe (worn)
 h - a +0 pair of gloves (worn)
 p - a scarf of repulsion (worn)
Magical Staves
 a - a staff of cold (weapon)
Wands
 m - a wand of polymorph (9)
Scrolls
 f - 2 scrolls of identify {unknown}
 k - a scroll of fog {unknown}
 l - a scroll of teleportation {unknown}
 n - a scroll of vulnerability {unknown}
 o - a scroll of magic mapping {unknown}
Potions
 b - a potion of flight {unknown}
 c - a potion of curing {unknown}
 e - a potion of haste {unknown}
 g - 4 potions of cancellation {unknown}
 i - a potion of degeneration {unknown}
 j - a potion of brilliance {unknown}


   Skills:
 * Level 2.8 Fighting
 + Level 2.5 Dodging
 + Level 3.4 Stealth
 * Level 3.2 Spellcasting
 * Level 5.5 Ice Magic


You couldn't memorise any spells.
You knew the following spells:

 Your Spells              Type           Power      Damage    Failure   Level
a - Freeze                Ice            88%        1d10      2%          1
b - Frozen Ramparts       Ice            44%        1d6       8%          3
c - Ozocubu's Armour      Ice            22%        N/A       8%          3
d - Summon Ice Beast      Ice/Summ       12%        N/A       61%         4

Your spell library contained the following spells:

 Spells                   Type           Power      Damage    Failure   Level
 Ignite Poison            Fire/Tmut/Pois 1%         N/A       58%         3
 Mephitic Cloud           Conj/Pois/Air  1%         N/A       58%         3
 Hailstorm                Conj/Ice       12%        3d5       61%         4
 Freezing Cloud           Conj/Ice/Air   4%         6-21      97%         5
 Ice Form                 Ice/Tmut       Unusable   N/A       N/A         4

Dungeon Overview and Level Annotations

Branches:
Dungeon (5/15)             Temple (1/1) D:4

Altars:
Ashenzari
Cheibriados
Dithmenos
Elyvilon
Fedhas
Gozag
Hepliaklqana
Kikubaaqudgha
Makhleb
Nemelex Xobeh
Ru
Sif Muna
Trog
Uskayaw
Vehumet
Yredelemnul
The Shining One

Shops:
D:5 =:=*


Innate Abilities, Weirdness & Mutations

You thrive by killing the living.
You are immune to poison.
You have sharp fingernails.
Your flesh is cold resistant. (rC+)
You are immune to negative energy. (rN+++)
You do not regenerate when monsters are visible.
You are immune to unholy pain and torment.


Message History

Confirm with . or Enter, or press ? or * to list all spells.
Aiming: Freeze (safe; 2% risk of failure)
Press: ? - help, Shift-Dir - straight line, f/p - black bear
Aim: a black bear (heavily wounded)
You feel a surge of power!
You freeze the black bear.
The black bear is almost dead.
The black bear goes berserk!
Unknown command.
Casting: Freeze (safe; 2% risk of failure)
Confirm with . or Enter, or press ? or * to list all spells.
Aiming: Freeze (safe; 2% risk of failure)
Press: ? - help, Shift-Dir - straight line, f/p - black bear
Aim: a black bear (severely wounded, berserk)
You feel a surge of power!
You miscast Freeze.
You are very lightly contaminated with residual magic.
Nothing appears to happen.
The black bear bites you. The black bear barely misses you.
The black bear claws you.
The black bear closely misses you. x2; The black bear completely misses you.
Casting: Freeze (safe; 2% risk of failure)
Confirm with . or Enter, or press ? or * to list all spells.
Casting: Frozen Ramparts (dangerous; 8% risk of failure)
Press: ? - help, Dir - look around, f - activate You feel a surge of power!
The walls around you are covered in ice.
The wall freezes the orc.
You kill the orc!
Sif Muna accepts your kill.
You feel better.
The wall freezes the black bear.
The black bear bites you! The black bear closely misses you.
The black bear claws you.
* * * LOW HITPOINT WARNING * * *
Unknown command.
You barely miss the black bear.
The black bear is almost dead.
The wall freezes the black bear.
The black bear bites you!
* * * LOW HITPOINT WARNING * * *
The black bear closely misses you.
The black bear claws you but does no damage.
The wall freezes the black bear.
The black bear closely misses you. The black bear barely misses you.
The black bear claws you.
You die...

#.### #####+##.# #.# .......#.#
##############.## .......#.#.
................# .......#.#.
#.....########..# ...........
#.....########..###########+#..##
+.....'.......................>..
#.....########.....<.............
#.....### ###@####.#####.#..##
........# #h## #.# #.#..##
#.....#.# ###))###.# #.#<...
#.....#.# #........#####[#.(..
.#...#..# #........##...<#..##
..#.#...# #........##....#..#
..#∩#...# #........##....##.#
..#.#...# ###............... ..
.#...#..# #...##..#..########.#


You could see a black bear (berserk).

Vanquished Creatures
  A bullfrog zombie (D:5)
  A jelly (D:3)
  A centaur skeleton (D:4)
  An iguana (D:5)
  An orc wizard (D:5)
  5 adders
  An ufetubus (D:5)
  2 worms (D:2)
  4 dart slugs
  9 orcs
  5 ball pythons
  4 endoplasms
  2 giant cockroaches
  7 goblins
  8 hobgoblins
  4 jackals (D:2)
  2 quokkas
  5 bats
  3 frilled lizards
  8 kobolds
  6 rats
80 creatures vanquished.

Vanquished Creatures (others)
  A human (D:3)
1 creature vanquished.

Grand Total: 81 creatures vanquished

Notes
Turn   | Place    | Note
-------+----------+-------------------------------------------
     0 | D:1      | Zeld the Ghoul Ice Elementalist began the quest for the
                  | Orb.
     0 | D:1      | Reached XP level 1. HP: 14/14 MP: 2/2
   102 | D:1      | Found a faded altar of an unknown god.
   244 | D:1      | Reached XP level 2. HP: 7/22 MP: 0/3
   766 | D:1      | Reached skill level 1 in Fighting
  1020 | D:1      | Reached XP level 3. HP: 28/28 MP: 3/5
  1024 | D:1      | Learned a level 3 spell: Frozen Ramparts
  2379 | D:2      | Reached XP level 4. HP: 21/35 MP: 1/6
  2540 | D:2      | Learned a level 3 spell: Ozocubu's Armour
  2823 | D:3      | You fall into a shaft and drop 1 floor!
  3218 | D:3      | Reached skill level 5 in Ice Magic
  3331 | D:3      | Reached XP level 5. HP: 40/41 MP: 6/8
  3465 | D:3      | Found an ancient bone altar of Kikubaaqudgha.
  3467 | D:3      | Noticed a human
  3468 | D:3      | Killed a human
  4175 | D:4      | Found a staircase to the Ecumenical Temple.
  4256 | Temple   | Entered the Ecumenical Temple
  4368 | Temple   | Became a worshipper of Sif Muna the Loreminder
  4697 | D:5      | Entered Level 5 of the Dungeon
  5194 | D:5      | Reached XP level 6. HP: 34/50 MP: 3/9
  5429 | D:5      | Found Lerompuw's Jewellery Boutique.
  5441 | D:5      | Learned a level 4 spell: Summon Ice Beast
  5465 | D:5      | Found Qylecoz's Neck Hole.
  5479 | D:5      | Bought a scarf of repulsion for 144 gold pieces
  5534 | D:5      | Found Uqarecao's Jewellery Shop.
  5564 | D:5      | Found Netsilif's Book Boutique.
  5616 | D:5      | Noticed a black bear
  5642 | D:5      | HP: 1/50 [black bear (11)]
  5642 | D:5      | Slain by a black bear

Illustrated notes

Levels and vault maps discovered:
D:1:      saegor_arrival_simple_c, layout_basic,
          shapermc_ecumenical_altar_acropolis, hangedman_decor_peaks_small,
          minmay_hexomino_u4
D:2:      layout_basic
D:3:      layout_loops_cross, tgw_kikubaaqudgha, grunt_decor_one_mirror,
          minivault_26
D:4:      layout_loops_corners, minmay_temple_entry_junction
D:5:      layout_basic, serial_shops, shop, shop, shop_fountains,
          nicolae_shop_sticking_my_neck_out
Temple:   regret_index_temple_sphere_string

Skill      XL: |  1  2  3  4  5 |
---------------+----------------+-----
Spellcasting   | 2 3 |  3.2
Fighting       | 1 2 |  2.8
Dodging        | 2 |  2.5
Ice Magic      | 5 |  5.5
Stealth        | 3 |  3.4

Action                   |  1- 3 |  4- 6 || total
-------------------------+-------+-------++-------
Melee: Unarmed           |    22 |       ||    22
       Staff             |    21 |    70 ||    91
       Punch             |       |     3 ||     3
 Cast: Freeze            |    62 |    51 ||   113
       Frozen Ramparts   |       |     5 ||     5
 Stab: Sleeping          |     2 |     2 ||     4
Armor: Robe              |    21 |    34 ||    55
Dodge: Dodged            |    65 |   137 ||   202
